 Seeded DCSS version 0.30.1-11-g7821555f0a (webtiles) character file.

Game seed: 5 (custom seed)

2580 Kazon the Chopper (level 9, 0/52 HPs)
             Began as a Vampire Fighter on Oct 31, 2023.
             Was a Priest of Makhleb.
             Slain by a wight
             ... wielding a +2 mace
              (6 damage)
             ... on level 7 of the Dungeon.
             The game lasted 00:22:06 (4224 turns).

Kazon the Chopper (Vampire Fighter)                 Turns: 4224, Time: 00:22:06

Health: 0/52       AC:  8    Str: 19    XL:     9   Next: 32%
Magic:  0/20       EV:  7    Int: 10    God:    Makhleb [***...]
Gold:   311        SH: 15    Dex: 23    Spells: 8/8 levels left

rFire   . . .        q - +6 broad axe "Boilym" {spect, rCorr Dex+3}
rCold   + + .        c - +0 tower shield
rNeg    + + +        o - +0 scale mail
rPois   ∞            i - +0 helmet
rElec   .            (no cloak)
rCorr   +            (no gloves)
SInv    +            (no boots)
Will    .....        E - amulet of guardian spirit
Stlth   ++++         r - ring of magical power
HPRegen 0.00/turn    A - +6 ring of dexterity
MPRegen 0.17/turn

%: guardian spirit
@: bloodless, inhibited regen
A: bloodless, fangs 3, see invisible, vampiric 2
a: Bat Form, Revivify, Renounce Religion, Minor Destruction, Lesser Servant of
Makhleb


You were on level 7 of the Dungeon.
You worshipped Makhleb.
Makhleb was most pleased with you.
You visited 2 branches of the dungeon, and saw 8 of its levels.
You also visited: Ossuary.

You collected 311 gold pieces.

Inventory:

Hand Weapons
 a - a +0 war axe
 e - a +2 vampiric dagger
 f - a +0 hand axe of flaming
 q - the +6 broad axe "Boilym" (weapon) {spect, rCorr Dex+3}
   (You acquired it on level 1 of the Dungeon)

   Dex:       It affects your dexterity (+3).
   rCorr:     It protects you from acid and corrosion.
 G - a +0 vampiric hand axe
Missiles
 j - 4 boomerangs
 v - 8 poisoned darts
 w - 2 stones (quivered)
Armour
 c - a +0 tower shield (worn)
 i - a +0 helmet (worn)
 o - a +0 scale mail (worn)
 I - a +0 pair of gloves
Jewellery
 r - a ring of magical power (left hand)
 A - a +6 ring of dexterity (right hand)
 E - an amulet of guardian spirit (around neck)
Wands
 x - a wand of paralysis (8)
Scrolls
 g - a scroll of fog {unknown}
 l - a scroll of blinking {unknown}
 n - 2 scrolls of magic mapping {unknown}
 p - 4 scrolls of identify {unknown}
 s - 2 scrolls of summoning {unknown}
 t - 2 scrolls of teleportation {unknown}
 y - a scroll of amnesia {unknown}
 B - a scroll of torment {unknown}
 F - a scroll of poison {unknown}
 H - a scroll of enchant armour {unknown}
 J - 2 scrolls of fear {unknown}
 M - a scroll of enchant weapon {unknown}
Potions
 b - 5 potions of flight {unknown}
 d - a potion of might
 h - a potion of resistance {unknown}
 k - 5 potions of curing {unknown}
 m - 2 potions of berserk rage {unknown}
 u - 2 potions of invisibility {unknown}
 z - 4 potions of heal wounds {unknown}
 C - a potion of lignification {unknown}
 D - 4 potions of attraction {unknown}
 K - a potion of haste {unknown}
 L - 2 potions of brilliance {unknown}
 N - a potion of magic


   Skills:
 + Level 4.2 Fighting
 * Level 4.2 Short Blades
 + Level 5.6 Axes
 * Level 4.4 Throwing
 + Level 3.9 Armour
 + Level 1.5 Dodging
 + Level 3.5 Stealth
 + Level 3.9 Shields
 + Level 3.7 Invocations
 * Level 3.1 Evocations


You had 8 spell levels left.
You didn't know any spells.
Your spell library contained the following spells:

 Spells                   Type           Power      Damage    Failure   Level
 Frozen Ramparts          Ice            0%         1d1       100%        3
 Ignite Poison            Fire/Tmut/Pois 0%         N/A       100%        3
 Ice Form                 Ice/Tmut       0%         N/A       100%        4
 Sticky Flame             Conj/Fire      0%         2d3       100%        4
 Summon Ice Beast         Ice/Summ       0%         N/A       100%        4
 Summon Forest            Summ/Tloc      0%         N/A       100%        5
 Eringya's Noxious Bog    Tmut/Pois      0%         N/A       100%        6
 Summon Hydra             Summ           0%         N/A       100%        7
 Ignition                 Fire           0%         3d3       100%        8


Dungeon Overview and Level Annotations

Branches:
Dungeon (7/15)             Temple (1/1) D:4         Ossuary (visited)

Altars:
Dithmenos
Fedhas
Gozag
Hepliaklqana
Makhleb
Okawaru
Qazlal
Wu Jian
Xom


Innate Abilities, Weirdness & Mutations

You do not regenerate when monsters are visible.
You are frail without blood (-20% HP).
You can heal yourself when you bite living creatures.
You are immune to poison.
You have razor-sharp teeth.
You have supernaturally acute eyesight. (SInv)
You are afflicted with vampirism and can become a bat while bloodless.


Message History

The wight throws a boomerang.
You block the boomerang. You block the wight's attack. x2
Items here: )) [[.
You slash the wight!
The wight is almost destroyed.
You block the wight's attack. x2; The wight barely misses you.
The wight hits you but does no damage.
You slash the wight!
You destroy the wight!
Makhleb accepts your kill. You block the wight's attack.
The wight hits you with a +4 trident!
Things that are here:
a +0 mace; 6 boomerangs; a +0 robe You closely miss the wight.
You block the wight's attack.
You barely miss the wight. You bite the wight, but do no damage.
You block the wight's attack. x2
The wight hits you from afar with a +4 trident!
You block the wight's attack.
You completely miss the wight. You bite the wight.
The wight is moderately damaged.
The wight hits you from afar with a +4 trident.
You block the wight's attack.
You closely miss the wight.
The wight is moderately damaged.
The wight hits you from afar with a +4 trident.
The wight hits you with a +2 mace.
The wight hits you from afar with a +4 trident!
* * * LOW HITPOINT WARNING * * *
You block the wight's attack.
Items here: )) [[.
The wight attacks as you move away! You block the wight's attack.
The wight attacks as you move away! The wight hits you with a +2 mace.
* * * LOW HITPOINT WARNING * * *
The wight attacks as you move away! The wight hits you with a +2 mace!
* * * LOW HITPOINT WARNING * * *
You slash the wight! Your bite misses the wight.
The wight is almost destroyed.
You block the wight's attack. x2; The wight hits you with a +2 mace!
You die...

......zzz...#
...######.#######z#
...>...†#.# #z#
...####.#.# #)#
#.[.# #z# #.#># #z#
#.#.# #.#
#.#.#######.#
#......@zzz.#
#.########### #.#
#.# #.# #.#
##########.#
........<..#
############


You could see 3 wights.

Vanquished Creatures
  Sigmund (D:4)
  Duvessa (D:6)
  3 black bears
  2 centaurs
  An ogre (D:5)
  An elf zombie (Ossuary)
  A kobold brigand (D:7)
  2 scorpions
  3 wights (D:7)
  Dowan (D:6)
  4 killer bees (D:7)
  A howler monkey (D:5)
  A vampire bat (D:7)
  5 hounds
  A centaur zombie (Ossuary)
  3 orc priests (D:6)
  3 human zombies (Ossuary)
  A jelly (D:5)
  6 iguanas
  4 orc wizards (D:6)
  4 ogre zombies (Ossuary)
  7 mummies (Ossuary)
  4 gnolls (D:5)
  9 adders
  A white imp (D:7)
  2 ufetubi
  A worm zombie (D:7)
  2 adder zombies (Ossuary)
  3 worms
  14 orcs
  12 bats
  9 endoplasms
  A giant cockroach (D:1)
  12 goblins
  7 hobgoblins
  11 jackals
  10 kobolds
  3 quokkas (D:4)
  6 ball pythons
  3 frilled lizards
  4 goblin zombies (Ossuary)
  6 hobgoblin zombies
  3 kobold zombies
  4 quokka zombies (Ossuary)
  4 rats
  4 rat zombies (Ossuary)
191 creatures vanquished.

Notes
Turn   | Place    | Note
-------+----------+-------------------------------------------
     0 | D:1      | Kazon the Vampire Fighter began the quest for the Orb.
     0 | D:1      | Reached XP level 1. HP: 17/17 MP: 1/1
    34 | D:1      | Identified a scroll of acquirement
    34 | D:1      | Acquired the +6 broad axe "Boilym" {spect, rCorr Dex+3}
    66 | D:1      | Reached XP level 2. HP: 23/23 MP: 2/2
   116 | D:1      | Reached skill level 2 in Axes
   422 | D:1      | Gained mutation: You are afflicted with vampirism and can
                  | become a bat while bloodless. [Vampire growth]
   422 | D:1      | Reached XP level 3. HP: 29/29 MP: 3/3
   940 | D:2      | Reached skill level 1 in Throwing
   991 | D:2      | Reached XP level 4. HP: 35/35 MP: 4/4
   992 | D:2      | Reached skill level 1 in Stealth
  1534 | D:3      | Found a blossoming altar of Fedhas.
  1543 | D:3      | Reached skill level 3 in Axes
  1612 | D:3      | Found a stormy altar of Qazlal.
  1779 | D:3      | Found a faded altar of an unknown god.
  1801 | D:3      | Identified the +2 sling "Qeuhanocyt" {speed, rElec Str-3
                  | Dex+2}
  1940 | D:4      | Found a staircase to the Ecumenical Temple.
  1948 | Temple   | Entered the Ecumenical Temple
  1965 | Temple   | Became a worshipper of Makhleb the Destroyer
  2021 | D:4      | Noticed a black bear
  2034 | D:4      | Killed a black bear
  2035 | D:4      | Reached skill level 1 in Short Blades
  2035 | D:4      | Reached XP level 5. HP: 24/41 MP: 5/5
  2040 | D:4      | Noticed Sigmund
  2059 | D:4      | HP: 2/41 [Sigmund/puff of flame (7)]
  2060 | D:4      | Killed Sigmund
  2061 | D:4      | Reached skill level 1 in Dodging
  2061 | D:4      | Reached skill level 1 in Invocations
  2061 | D:4      | Reached XP level 6. HP: 3/47 MP: 6/6
  2086 | D:4      | Found a hazy altar of Hepliaklqana.
  2088 | D:4      | Found a shadowy altar of Dithmenos.
  2089 | D:4      | Noticed a shadow
  2624 | D:4      | Reached skill level 4 in Axes
  2624 | D:4      | Reached XP level 7. HP: 52/52 MP: 8/8
  2701 | D:5      | Entered Level 5 of the Dungeon
  2886 | D:5      | Reached skill level 1 in Evocations
  2900 | D:5      | Reached * piety under Makhleb
  3149 | D:6      | Noticed Dowan
  3150 | D:6      | Noticed Duvessa
  3157 | D:6      | Killed Dowan
  3161 | D:6      | Killed Duvessa
  3162 | D:6      | Reached XP level 8. HP: 33/60 MP: 9/9
  3283 | D:6      | Found a shimmering altar of Xom.
  3587 | D:7      | Reached skill level 5 in Axes
  3611 | D:7      | Reached ** piety under Makhleb
  3643 | D:7      | Found a sand-covered staircase.
  3657 | Ossuary  | Entered an ossuary
  3683 | Ossuary  | Reached XP level 9. HP: 43/52 MP: 11/11
  3857 | Ossuary  | Reached *** piety under Makhleb
  4224 | D:7      | Slain by a wight

Illustrated notes

Levels and vault maps discovered:
D:1:      ebering_trefoil_3fold, layout_basic, st_stairs_14, serial_bayou_ford_a
D:2:      layout_basic, hangedman_decor_growths, minmay_close_crescents
D:3:      layout_rooms, mainiacjoe_overflow_concentric_impassable,
          mainiacjoe_overflow_paths, shapermc_ecumenical_altar_acropolis,
          chequers_serial_rivers_micro_b
D:4:      layout_basic, riverfiend_overflow_shadow_ancestor,
          minmay_temple_entry_glass, uniq_sigmund
D:5:      layout_gridville
D:6:      layout_basic, xom_teletrap_fun, uniq_duvessa
D:7:      layout_loops_ring, enter_ossuary_3, roderic_batcave
Temple:   nicolae_temple_elliptical

Skill      XL: |  1  2  3  4  5  6  7  8  9 |
---------------+----------------------------+-----
Fighting       | 3 4 |  4.2
Axes           | 2 3 4 5 |  5.6
Throwing       | 1 2 3 4 |  4.4
Stealth        | 1 2 3 |  3.5
Short Blades   | 1 2 3 4 |  4.2
Armour         | 3 |  3.9
Dodging        | 1 |  1.5
Shields        | 3 |  3.9
Invocations    | 1 2 3 |  3.7
Evocations     | 1 2 3 |  3.1

Action                     |  1- 3 |  4- 6 |  7- 9 || total
---------------------------+-------+-------+-------++-------
  Melee: War axe           |     7 |       |       ||     7
         Broad axe         |    46 |    61 |   174 ||   281
         Bite              |     2 |     1 |    22 ||    25
  Throw: Stone             |       |    12 |    40 ||    52
         Dart              |       |     4 |    13 ||    17
         Boomerang         |       |       |    12 ||    12
 Invoke: Minor Destruction |       |       |    15 ||    15
Ability: Exsanguinate      |       |       |     1 ||     1
    Use: Scroll            |     2 |       |       ||     2
         Potion            |     1 |       |       ||     1
   Stab: Sleeping          |       |       |    17 ||    17
         Distracted        |       |       |     1 ||     1
 Armour: Scale mail        |    18 |    15 |    47 ||    80
  Dodge: Dodged            |     8 |    15 |    26 ||    49
  Block: Buckler           |     3 |       |       ||     3
         Tower shield      |    12 |    27 |   116 ||   155
